 Dungeon Crawl Stone Soup version 0.29.1-15-g9cfb28693d (webtiles) character file.

Game seed: 361394621399916898

1314 MisterFreud the Nimble (level 8, -9/38 HPs)
             Began as a Felid Berserker on Apr 20, 2023.
             Was a Believer of Trog.
             Mangled by an orc warrior
             ... wielding a +0 war axe
              (21 damage)
             ... on level 6 of the Dungeon.
             The game lasted 00:06:37 (7391 turns).

MisterFreud the Nimble (Felid Berserker)            Turns: 7391, Time: 00:06:39

Health: -9/38      AC:  2    Str: 13    XL:     8   Next: 32%
Magic:  9/9        EV: 23    Int:  9    God:    Trog [**....]
Gold:   226        SH:  0    Dex: 17    Spells: 7/7 levels left
                                        Lives:  0   Deaths: 2

rFire   . . .      SeeInvis +     - Unarmed
rCold   . . .      Faith    .   (shield unavailable)
rNeg    . . .      Spirit   .   (body armour unavailable)
rPois   .          Reflect  .   (helmet unavailable)
rElec   .          Harm     .   (cloak unavailable)
rCorr   .          Rampage  .   (gloves unavailable)
Will    +++..                   (boots unavailable)
Stlth   +++.......              (no amulet)
HPRegen 1.12/turn               (no ring)
MPRegen 0.11/turn               (no ring)

@: strong-willed, on berserk cooldown, regenerating, slowed, slow
A: very small, claws 1, fangs 3, see invisible, speed 1, shaggy fur 2, stealthy
paws, no weapons or thrown items, no armour, multi-lived
a: Renounce Religion, Berserk, Trog's Hand


You were on level 6 of the Dungeon.
You worshipped Trog.
Trog was pleased with you.
You visited 1 branch of the dungeon, and saw 6 of its levels.
You also visited: Sewer.

You collected 226 gold pieces.

Inventory:

Wands
 f - a wand of polymorph (6)
 h - a wand of mindburst (20)
 l - a wand of flame (25)
 q - a wand of charming (8)
Scrolls
 d - 4 scrolls of butterflies
 n - 2 scrolls of teleportation
 s - a scroll of fear
Potions
 a - a potion of ambrosia {unknown}
 b - 3 potions of curing
 e - 5 potions of heal wounds
 g - 3 potions of cancellation
 i - a potion of haste {unknown}
 j - 2 potions of flight
 k - a potion of degeneration {unknown}


   Skills:
 - Level 6.0 Fighting
 - Level 10.0 Dodging
 - Level 6.0 Stealth
 - Level 6.0 Unarmed Combat
 + Level 4.9 Evocations


You had 7 spell levels left.
You didn't know any spells.
Your spell library was empty.

Dungeon Overview and Level Annotations

Branches:
Dungeon (6/15)             Temple (0/1) D:4           Sewer (visited)

Altars:
Dithmenos


Innate Abilities, Weirdness & Mutations

You have sharp claws.
You have razor-sharp teeth.
You have supernaturally acute eyesight. (SInv)
You cover ground quickly. (Speed+)
You are covered in thick fur. (AC +2)
Your paws help you pounce on unaware monsters.
You are incapable of wielding weapons or throwing items.
You cannot wear armour.
You gain extra lives every three experience levels.


Message History

a +3 dire flail of protection; a +0 scale mail You scratch the wight.
You bite the wight!
The wight is severely damaged.
You claw the wight!
You destroy the wight!
Trog accepts your kill.
You are no longer berserk.
You are exhausted.
You feel yourself slow down.
Things that are here:
a +0 mace; a +0 robe
Things that are here:
a +3 dire flail of protection; a +0 scale mail 2 orcs come into view.
The orc shouts!
You hear a shout!
An orc warrior comes into view. It is wielding a +0 war axe.
The orc moves out of view.
The orc warrior shouts!
An orc wizard comes into view. It is wielding a +0 dagger.
The orc hits you with a +0 club.
You closely miss the orc.
An orc priest comes into view. It is wielding a +0 falchion.
Your skin crawls.
You feel strong-willed. The orc warrior closely misses you.
You scratch the orc warrior but do no damage.
Your bite misses the orc warrior.
The orc warrior hits you with a +0 war axe!!
* * * LOW HITPOINT WARNING * * *
The orc warrior attacks as you move away!
The orc warrior barely misses you. The orc warrior closely misses you.
Things that are here:
a +3 dire flail of protection; a +0 scale mail You claw the orc warrior!
The orc warrior is moderately wounded.
The orc wizard gestures wildly while chanting.
The orc wizard flickers and vanishes for a moment.
The orc warrior hits you with a +0 war axe!!
Ouch! That really hurt!
You die...

## #.....# #...
..#..... #... ###
#.#..#.# #... #..
#.#....#####... #o.
#.........##.). #o##
#.........##... #..
#.........##[..
#.######.........#####
#.ooo@)..........#####
#########............#
#....#.......#
#....#....z..#
#....#........
#....#####.... #....#
#.... #....# #....
#....# #####


You could see an orc warrior, an orc wizard (invisible) and an orc.

Vanquished Creatures
  Pikel (D:4)
  Grinder (D:3)
  Edmund (D:6)
  An orc warrior (D:5)
  2 black bears
  Pargi (Sewer)
  2 phantoms (D:5)
  2 scorpions
  A wight (D:6)
  A howler monkey (D:4)
  3 hounds (D:6)
  2 jellies
  2 orc priests
  Crazy Yiuf (D:3)
  Jessica (D:2)
  3 iguanas
  Natasha (thrice) (D:2)
  Terence (D:3)
  8 adders
  A river rat (D:5)
  2 ufetubi
  5 worms
  5 dart slugs
  7 orcs
  4 bats
  3 endoplasms (D:1)
  5 giant cockroaches
  6 goblins
  5 hobgoblins
  2 jackals (D:1)
  7 kobolds
  4 quokkas
  8 ball pythons
  6 frilled lizards
  8 rats
115 creatures vanquished.

Notes
Turn   | Place    | Note
-------+----------+-------------------------------------------
     0 | D:1      | MisterFreud the Felid Berserker began the quest for the
                  | Orb.
     0 | D:1      | Reached XP level 1. HP: 10/10 MP: 2/2
    33 | D:1      | Reached skill level 1 in Stealth
    96 | D:1      | Reached XP level 2. HP: 4/14 MP: 3/3
  1263 | D:1      | Reached XP level 3. HP: 17/17 MP: 4/4
  1597 | D:2      | Noticed Jessica
  1607 | D:2      | Killed Jessica
  1823 | D:2      | Noticed Natasha
  1832 | D:2      | Killed Natasha
  1833 | D:2      | Reached XP level 4. HP: 13/21 MP: 5/5
  1840 | D:2      | Noticed Natasha
  2003 | D:2      | Killed Natasha
  2306 | D:2      | Noticed Natasha
  2313 | D:2      | Killed Natasha
  2314 | D:2      | Reached XP level 5. HP: 19/24 MP: 6/6
  2796 | D:3      | Reached skill level 5 in Stealth
  2803 | D:3      | HP: 1/36 [poisoned by an adder]
  2803 | D:3      | Slain by a ball python
  2804 | D:3      | Reached XP level 4. HP: -2/31 MP: 5/5
  2817 | D:3      | Reached ** piety under Trog
  3136 | D:3      | Found a faded altar of an unknown god.
  3136 | D:3      | Noticed a floating eye
  3143 | D:3      | Noticed an eye of devastation
  3143 | D:3      | Noticed a floating eye
  3143 | D:3      | Noticed an eye of devastation
  3179 | D:3      | Noticed Grinder
  3187 | D:3      | Killed Grinder
  3188 | D:3      | Reached XP level 5. HP: 6/24 MP: 6/6
  3188 | D:3      | Gained mutation: You are covered in thick fur. (AC +2)
                  | [Felid growth]
  3188 | D:3      | Reached XP level 6. HP: 7/28 MP: 7/7
  3512 | D:3      | Noticed Terence
  3521 | D:3      | Killed Terence
  3979 | D:3      | Found a runed translucent door.
  3980 | D:3      | Noticed Crazy Yiuf
  3987 | D:3      | Killed Crazy Yiuf
  3988 | D:3      | Reached skill level 5 in Dodging
  4097 | D:4      | Identified the +1 robe of Calculation {Will- Int+5}
  4117 | D:4      | Found a shadowy altar of Dithmenos.
  4125 | D:4      | Noticed Pikel
  4133 | D:4      | Killed Pikel
  4134 | D:4      | Reached skill level 8 in Dodging
  4134 | D:4      | Reached XP level 7. HP: 31/31 MP: 8/8
  4579 | D:4      | Reached skill level 9 in Dodging
  4703 | D:4      | Found a staircase to the Ecumenical Temple.
  4913 | D:4      | Reached XP level 8. HP: 27/34 MP: 9/9
  5099 | D:5      | Entered Level 5 of the Dungeon
  5117 | D:5      | Reached skill level 10 in Dodging
  5603 | D:5      | Found a glowing drain.
  5607 | Sewer    | Entered a sewer
  5650 | Sewer    | Reached skill level 5 in Fighting
  5726 | Sewer    | Noticed Pargi
  5740 | Sewer    | Killed Pargi
  5878 | Sewer    | Killed by an exploding butterfly... ignited by their inner
                  | flame
  5879 | Sewer    | Reached XP level 7. HP: -13/33 MP: 8/8
  6183 | D:5      | Reached skill level 1 in Evocations
  6528 | D:6      | Reached XP level 8. HP: 32/38 MP: 9/9
  7341 | D:6      | Noticed Edmund
  7374 | D:6      | Killed Edmund
  7391 | D:6      | Mangled by an orc warrior

Illustrated notes

Levels and vault maps discovered:
D:1:      amcnicky_arrival_flooded_fountain, layout_basic
D:2:      layout_basic, uniq_jessica, uniq_natasha
D:3:      layout_loops_ring, hellmonk_ecumenical_altar_watching_god,
          uniq_grinder, uniq_terence, uniq_crazy_yiuf_cottage
D:4:      nicolae_cairo_tiling_large_dashed, layout_basic,
          mainiacjoe_overflow_catwalk, minmay_temple_entry_enclosed_plants,
          minmay_manual_monstrance, uniq_pikel
D:5:      layout_gridville, gup_sewer_entry_spiral
D:6:      layout_basic, uniq_edmund

Skill      XL: |  1  2  3  4  5  6  7  8 |
---------------+-------------------------+-----
Stealth        | 1 2 4 6 5 |  6.0
Unarmed Combat | 4 6 |  6.0
Dodging        | 8 9 10 | 10.0
Fighting       | 6 5 |  6.0
Evocations     | 3 4 |  4.9

Action                   |  1- 3 |  4- 6 |  7- 9 || total
-------------------------+-------+-------+-------++-------
Melee: Unarmed           |    87 |   110 |   194 ||   391
       Punch             |     1 |     3 |     7 ||    11
       Bite              |     6 |     9 |    14 ||    29
Invok: Berserk           |     1 |     7 |     6 ||    14
       Trog's Hand       |       |       |     1 ||     1
  Use: Scroll            |     2 |       |    13 ||    15
 Stab: Sleeping          |     5 |     7 |     6 ||    18
       Distracted        |     1 |       |       ||     1
Armor: Skin              |     3 |    11 |     4 ||    18
Dodge: Dodged            |    61 |    73 |   170 ||   304
